 Dungeon Crawl Stone Soup version 0.29.0-4-gdea44cf6ec (webtiles) character file.

Game seed: 15951656608921680903

33 qw the Chopper (level 3, -2/21 HPs)
             Began as a Tengu Warper on Aug 28, 2022.
             Slain by Robin
             ... wielding a +0 short sword
              (5 damage)
             ... on level 2 of the Dungeon.
             The game lasted 00:00:07 (1522 turns).

qw the Chopper (Tengu Warper)                       Turns: 1522, Time: 00:00:07

Health: -2/21      AC:  6    Str: 13    XL:     3   Next: 29%
Magic:  7/7        EV:  9    Int: 13    God:
Gold:   28         SH:  0    Dex: 13    Spells: 6/6 levels left

rFire   . . .      SeeInvis .   Y - +0 hand axe
rCold   + . .      Faith    .   (no shield)
rNeg    . . .      Spirit   .   h - +0 scale mail
rPois   .          Reflect  .   (helmet restricted)
rElec   .          Harm     .   (no cloak)
rCorr   .          Rampage  .   (no gloves)
Will    .....                   (boots unavailable)
Stlth   ..........              j - amulet of the acrobat
HPRegen 0.07/turn               d - ring of protection from cold
MPRegen 0.10/turn               (no ring)

@: lethally poisoned (-2 -> -10)
A: beak, talons 3
a: no special abilities


You were on level 2 of the Dungeon.
You visited 1 branch of the dungeon, and saw 2 of its levels.

You collected 28 gold pieces.


Innate Abilities, Weirdness & Mutations

You have a beak for a mouth.
You have claws for feet.


   Skills:
 - Level 2.0 Fighting
 + Level 4.0 Axes
 - Level 1.0 Throwing
 - Level 1.1 Armour
 - Level 2.1 Dodging
 - Level 2.0 Spellcasting
 - Level 2.4 Translocations


You had 6 spell levels left.
You didn't know any spells.
Your spell library contained the following spells:

 Spells                   Type           Power      Damage    Failure   Level
 Blink                    Tloc           14%        N/A       56%         2
 Gell's Gravitas          Tloc           7%         N/A       80%         3
 Lesser Beckoning         Tloc           7%         N/A       80%         3
 Teleport Other           Tloc           7%         N/A       80%         3
 Manifold Assault         Tloc           7%         N/A       100%        5

Inventory:

Hand Weapons
 l - a +0 whip
 Y - a +0 hand axe (weapon)
Armour
 h - a +0 scale mail (worn)
Jewellery
 d - a ring of protection from cold (left hand)
 j - an amulet of the acrobat (around neck)
Scrolls
 m - a scroll of identify
Potions
 n - a potion of brilliance {unknown}

Dungeon Overview and Level Annotations

Branches:
Dungeon (2/15)

Altars:

Annotations:
D:2 Robin


Message History

The goblin is heavily wounded.
The goblin hits you but does no damage.
You hit the goblin.
You kill the goblin!
You completely miss the goblin. Your peck misses the goblin.
The goblin closely misses you.
You closely miss the goblin. Your kick misses the goblin.
The goblin unwields a +0 club.
The goblin wields a +0 sling.
The goblin shoots a sling bullet.
The sling bullet hits you but does no damage.
You closely miss the goblin. Your kick misses the goblin.
You barely miss the goblin. The goblin hits you but does no damage.
The goblin hits you with a +2 dagger of venom.
You are poisoned.
A hobgoblin comes into view.
The goblin hits you with a +0 club.
A goblin comes into view. It is wielding a +0 dagger.
The goblin hits you but does no damage.
You are lethally poisoned!
You closely miss the goblin. You peck the goblin, but do no damage.
You hit the goblin. x2
You kill the goblin!
You feel very sick. The goblin barely misses you.
You closely miss the goblin.
The goblin is severely wounded.
You closely miss the goblin. You hit Robin.
You feel very sick.
The goblin no longer looks unusually strong.
The goblin unwields a +0 sling.
The goblin wields a +0 club.
The goblin closely misses you. Robin throws the goblin at you!
The goblin closely misses you.
You hit the goblin.
You kill the goblin!
You completely miss the goblin. You hit Robin.
You feel very sick.
The goblin no longer looks unusually strong.
The goblin closely misses you. Robin hits you with a +0 short sword.
You die... ..#.# #### ...##. ###.#.##### #... ggg#. #.........# #.## g.g.##.....###.####.#. gg...................

g.
#....####.####.#.
#. #...#####.#
#.##
#g##....(....#
#.##
#gg@g..#######
#...
#...g.g))#.##
#### #.######<#.#
#.#.# #.#.# #.#.#
....# ..###


You could see Robin, 3 hobgoblins and 2 goblins.

Vanquished Creatures
  An adder (D:2)
  A dart slug (D:2)
  2 endoplasms (D:1)
  A giant cockroach (D:1)
  7 goblins
  A hobgoblin (D:2)
  4 ball pythons
  3 bats
  A kobold (D:1)
  A rat (D:1)
22 creatures vanquished.

Notes
Turn   | Place    | Note
-------+----------+-------------------------------------------
     0 | D:1      | qw the Tengu Warper began the quest for the Orb.
     0 | D:1      | Reached XP level 1. HP: 12/12 MP: 4/4
     0 | D:1      | 0 ||| qw: Version: 0.1-a-89-g26bdef1
     0 | D:1      | 0 ||| qw: Game counter: 3255
     0 | D:1      | 0 ||| qw: Always use a shield: true
     0 | D:1      | 0 ||| qw: God list: Okawaru
     0 | D:1      | 0 ||| qw: Allow faded altars: false
     0 | D:1      | 0 ||| qw: Do Orc after D:15 true
     0 | D:1      | 0 ||| qw: Do second Lair branch before Depths: true
     0 | D:1      | 0 ||| qw: Lair rune preference: random
     0 | D:1      | 0 ||| qw: Plans: Normal
     0 | D:1      | 0 ||| PLANNING D:1-11
    52 | D:1      | Found a faded altar of an unknown god.
   576 | D:1      | 576 ||| DROPPING +0 club.
   590 | D:1      | Reached skill level 3 in Axes
   590 | D:1      | Reached XP level 2. HP: 17/17 MP: 6/6
  1089 | D:1      | 1089 ||| UPGRADING to +0 scale mail.
  1099 | D:1      | 1099 ||| DROPPING +0 leather armour.
  1100 | D:1      | 1100 ||| DROPPING amulet of faith.
  1101 | D:1      | 1101 ||| UPGRADING to amulet of the acrobat.
  1106 | D:1      | 1106 ||| UPGRADING to ring of protection from cold.
  1107 | D:1      | 1107 ||| DROPPING ring of magical power.
  1108 | D:1      | 1108 ||| READING 3 scrolls labelled ZESIER IGYTT.
  1109 | D:1      | 1109 ||| READING scroll labelled ETEOCZ DINKOLY.
  1110 | D:1      | 1110 ||| READING scroll labelled EBOWNO BI ERGHI.
  1211 | D:1      | 1211 ||| READING 2 scrolls labelled KITU ZUPNI.
  1212 | D:1      | 1212 ||| DROPPING 2 scrolls of butterflies.
  1213 | D:1      | 1213 ||| DROPPING scroll of blinking.
  1226 | D:2      | 1226 ||| STAIRDANCE
  1231 | D:2      | 1231 ||| STAIRDANCE
  1365 | D:2      | 1365 ||| Stepping ~*~*~tactically~*~*~ (stealth).
  1374 | D:2      | Reached XP level 3. HP: 12/21 MP: 7/7
  1437 | D:2      | 1437 ||| FLEEEEING.
  1510 | D:2      | Noticed Robin
  1511 | D:2      | 1511 ||| Stepping ~*~*~tactically~*~*~ (hiding).
  1515 | D:2      | Reached skill level 4 in Axes
  1522 | D:2      | HP: 3/21 [poisoned by a goblin]
  1522 | D:2      | Slain by Robin

Levels and vault maps discovered:
D:1:      ncdulo_watergridlock, layout_loops_corners,
          shapermc_ecumenical_altar_mp_highgroup
D:2:      layout_loops_corners, uniq_sigmund, uniq_natasha, uniq_robin

Skill      XL: |  1  2  3 |
---------------+----------+-----
Axes           | 3 4 |  4.0
Fighting       | |  2.0
Throwing       | |  1.0
Armour         | |  1.1
Dodging        | |  2.1
Spellcasting   | |  2.0
Translocations | |  2.4

Action                   || total
-------------------------++-------
Melee: Hand axe          ||    36
       Kick              ||     8
       Peck              ||     3
Throw: Boomerang         ||    11
  Use: Scroll            ||     4
Armor: Leather armour    ||     4
       Scale mail        ||    11
Dodge: Dodged            ||    15

Table legend:
 A = Non-vault XP
 B = Vault XP
 C = Vault XP percentage of total XP
 D = Non-vault monster count
 E = Vault monster count
 F = Vault count percentage of total count
                 A         B        C        D         E       F
            +---------+---------+-------+---------+---------+-------
      Total |      43 |       7 |  14.0 |      18 |       4 |  18.2
            +---------+---------+-------+---------+---------+-------
        D:1 |      20 |       0 |   0.0 |      12 |       0 |   0.0
        D:2 |      23 |       7 |  23.3 |       6 |       4 |  40.0
            +---------+---------+-------+---------+---------+-------
